AoeStats
← manza91

Arabia

504756234Analyzed
3v3 RM · 24d ago on Sep 6, 2026· 93m 2s· 6 players
Game mode
Random Map
Map size
Normal (6 player)
Population
200
Speed
Normal
Resources
Standard
Victory
Conquest
Starting age
Dark Age
Ending age
Imperial Age
RankedLock teamsTeams togetherTeam positionsShared explorationLock speedFull tech treeHidden civsTurbo modeCheats
Victory
Defeat
🇨🇿 Teutons · Czechia
616
+14
🇩🇪 Japanese · Germany
592
+15
🇮🇹 Bohemians · Italy
554
+17
🇬🇧 Britons · United Kingdom
640
-17
🇨🇳 Chinese · China
552
-15
🇲🇽 Mongols · Mexico
538
-14
matthiaskaeck
0:37 Loom
12:33 Feudal Age
13:03 Double-Bit Axe
14:03 Wheelbarrow
14:44 Horse Collar
17:45 Man-at-Arms
23:50 Castle Age
25:23 Long Swordsman
37:06 Forging
36:56 Scale Mail Armor
38:40 Heavy Plow
39:19 Bow Saw
42:23 Chain Mail Armor
42:43 Iron Casting
43:43 Fortified Wall
43:55 Ballistics
44:01 Caravan
45:07 Treadmill Crane
52:38 Hand Cart
58:32 Imperial Age
59:38 Conscription
59:39 Kataparuto
60:32 Elite Skirmisher
67:25 Chemistry
67:48 Elite Samurai
69:13 Crossbowman
70:00 Thumb Ring
75:38 Heavy Scorpion
zibo4074
0:39 Loom
11:45 Feudal Age
12:59 Horse Collar
13:09 Double-Bit Axe
18:05 Man-at-Arms
18:31 Arson
23:12 Castle Age
23:14 Gold Mining
23:19 Stone Mining
24:30 Bow Saw
25:45 Stone Shaft Mining
27:16 Wheelbarrow
27:42 Heavy Plow
30:57 Hand Cart
31:07 Ballistics
30:38 Heated Shot
30:58 Masonry
36:36 Imperial Age
35:25 Squires
35:21 Pikeman
35:21 Long Swordsman
35:47 Gambesons
36:16 Scale Barding Armor
36:11 Scale Mail Armor
36:22 Forging
36:03 Fletching
36:13 Padded Archer Armor
36:07 Town Watch
36:53 Elite Skirmisher
36:53 Crossbowman
36:57 Halberdier
38:16 Hoardings
38:03 Ironclad
38:10 Caravan
39:25 Chemistry
41:34 Two-Man Saw
41:09 Crop Rotation
42:03 Town Patrol
43:36 Fortified Wall
43:18 Guard Tower
43:14 Arrowslits
43:54 Conscription
43:05 Sappers
44:33 Onager
44:37 Capped Ram
45:44 Leather Archer Armor
46:04 Elite Teutonic Knight
53:49 Crenellations
58:19 Ring Archer Armor
57:44 Bodkin Arrow
58:25 Iron Casting
58:06 Chain Mail Armor
58:11 Chain Barding Armor
60:58 Bombard Tower
83:35 Siege Onager
93:36 Plate Mail Armor
manza91
0:33 Loom
11:38 Feudal Age
12:29 Double-Bit Axe
16:04 Horse Collar
22:20 Castle Age
19:56 Man-at-Arms
23:24 Bow Saw
25:29 Wheelbarrow
27:20 Elite Skirmisher
28:08 Padded Archer Armor
27:59 Fletching
28:19 Forging
28:18 Heavy Plow
31:17 Crossbowman
32:24 Ballistics
33:05 Chemistry
34:45 Imperial Age
34:31 Hand Cart
34:35 Town Watch
38:03 Leather Archer Armor
37:44 Bodkin Arrow
38:24 Iron Casting
37:50 Scale Mail Armor
37:56 Scale Barding Armor
39:21 Wagenburg Tactics
39:14 Arson
40:25 Husbandry
39:46 Cavalier
39:46 Light Cavalry
42:33 Two-Man Saw
41:45 Squires
41:06 Pikeman
41:07 Long Swordsman
43:26 Elite Hussite Wagon
45:23 Halberdier
45:24 Long Swordsman
47:27 Ring Archer Armor
46:57 Bracer
47:20 Chain Barding Armor
48:54 Sappers
49:57 Conscription
50:18 Long Swordsman
53:34 Chain Mail Armor
54:19 Blast Furnace
53:20 Bracer
55:56 Two-Handed Swordsman
56:08 Arbalester
61:18 Plate Mail Armor
82:48 Champion
Jorge_19
13:16 Feudal Age
14:49 Double-Bit Axe
16:24 Man-at-Arms
17:48 Arson
20:49 Padded Archer Armor
21:39 Horse Collar
23:32 Gold Mining
26:23 Castle Age
25:17 Fletching
26:35 Scale Mail Armor
26:37 Stone Mining
26:32 Long Swordsman
26:35 Crossbowman
27:32 Heavy Plow
28:38 Bow Saw
29:26 Gold Shaft Mining
29:30 Leather Archer Armor
32:06 Bodkin Arrow
37:10 Ballistics
38:27 Wheelbarrow
39:26 Forging
38:52 Elite Skirmisher
40:53 Stone Shaft Mining
41:01 Hand Cart
44:29 Imperial Age
42:37 Scale Barding Armor
43:06 Caravan
46:11 Chemistry
45:09 Heavy Cavalry Archer
46:16 Parthian Tactics
45:20 Heavy Scorpion
45:37 Cavalier
47:07 Capped Ram
48:16 Siege Ram
50:02 Husbandry
50:13 Bloodlines
52:31 Chain Barding Armor
54:57 Bracer
55:27 Elite Mangudai
65:19 Chain Mail Armor
65:40 Iron Casting
66:38 Two-Handed Swordsman
71:00 Plate Mail Armor
71:31 Blast Furnace
70:40 Champion
76:11 Arbalester
梦仔
11:37 Feudal Age
12:17 Double-Bit Axe
13:15 Wheelbarrow
12:26 Loom
12:41 Horse Collar
15:48 Gold Mining
16:57 Stone Mining
21:06 Castle Age
22:08 Bow Saw
22:02 Heavy Plow
22:42 Gold Shaft Mining
22:45 Stone Shaft Mining
24:04 Arson
24:20 Squires
23:41 Pikeman
23:54 Elite Skirmisher
25:22 Caravan
25:54 Coinage
26:56 Hand Cart
34:12 Imperial Age
32:50 Thumb Ring
32:53 Husbandry
33:03 Bloodlines
32:17 Light Cavalry
33:40 Fletching
34:01 Forging
33:52 Padded Archer Armor
36:02 Chemistry
35:24 Ballistics
35:16 Masonry
37:07 Banking
37:48 Murder Holes
37:40 Arrowslits
37:21 Halberdier
39:04 Sappers
39:56 Conscription
41:04 Two-Man Saw
40:41 Architecture
40:09 Bodkin Arrow
40:17 Scale Mail Armor
41:06 Great Wall
43:44 Rocketry
44:32 Elite Chu Ko Nu
45:18 Bracer
45:54 Iron Casting
45:27 Scale Barding Armor
48:57 Elite Fire Lancer
49:31 Man-at-Arms
50:48 Heavy Cavalry Archer
53:45 Leather Archer Armor
54:30 Blast Furnace
53:46 Chain Mail Armor
71:20 Cavalier
CoffeeByTheCasuals.com
8:10 Loom
12:47 Feudal Age
23:20 Castle Age
26:22 Crossbowman
27:10 Gold Mining
29:31 Pikeman
32:12 Man-at-Arms
40:07 Horse Collar
39:55 Long Swordsman
41:39 Wheelbarrow
42:54 Double-Bit Axe
43:20 Scale Mail Armor
44:37 Squires
44:25 Arson
46:10 Stone Mining
46:58 Gold Shaft Mining
58:06 Caravan
63:09 Imperial Age
66:03 Cavalier
67:57 Two-Handed Swordsman
71:28 Elite Longbowman
Connection lost

Rejoining the realm…

Still unreachable

The connection could not be restored.

Session expired

The server has moved on; the page needs a fresh start.